 Dungeon Crawl Stone Soup version 0.30-a0-937-ga0a21ad780 (webtiles) character file.

Game seed: 6064706041957979223

9177 Pooter the Carver (level 11, -4/86 HPs)
             Began as a Demonspawn Fighter on Mar 25, 2023.
             Was an Elder of Okawaru.
             Slain by a vampire (7 damage)
             ... on level 10 of the Dungeon.
             The game lasted 00:57:01 (9690 turns).

Pooter the Carver (Demonspawn Fighter)              Turns: 9690, Time: 00:57:02

Health: -4/86      AC: 24    Str: 16    XL:     11   Next: 19%
Magic:  17/17      EV: 11    Int:  9    God:    Okawaru [****..]
Gold:   869        SH:  0    Dex: 15    Spells: 7/10 levels left

rFire   + . .      SeeInvis +    I - +0 broad axe
rCold   . . .      Faith    .    (no shield)
rNeg    + . .      Spirit   .    F - +8 chain mail of Feasting {rF+ rN+ Will-}
rPois   .          Reflect  .    h - +2 helmet
rElec   .          Rampage  .    (no cloak)
rCorr   +                        (gloves unavailable)
Will    .....                    j - +0 pair of boots "Kuoceb" {Regen+ rCorr Dex-3 SInv} Stlth
                                 n - amulet of regeneration
HPRegen 1.94/turn                x - +5 ring of evasion
MPRegen 0.15/turn                (no ring)

@: no status effects
A: claws 3, slimy green scales 2, (demonic guardian 1), foul stench 1, sense
surroundings 1
a: Renounce Religion, Heroism, Finesse


You were on level 10 of the Dungeon.
You worshipped Okawaru.
Okawaru was greatly pleased with you.
You visited 2 branches of the dungeon, and saw 11 of its levels.

You collected 869 gold pieces.

Inventory:

Hand Weapons
 a - a +0 long sword
 b - a +0 arbalest
   (You took it off an orc warrior on level 1 of the Orcish Mines)
 m - the +4 dagger "Zadepp" {pain, rF+ Will+ Str+2}
   (You found it on level 4 of the Dungeon)

   Str:       It affects your strength (+2).
   rF:        It protects you from fire.
   Will:      It increases your willpower.
 q - a +0 halberd
   (You found it on level 2 of the Dungeon)
 s - a +0 trident
   (You took it off an orc on level 3 of the Dungeon)
 u - a +1 antimagic trident
   (You found it on level 3 of the Dungeon)
 E - a +1 hand axe of electrocution
   (You found it on level 7 of the Dungeon)
 G - a +1 flail of draining
   (You took it off a gnoll on level 7 of the Dungeon)
 I - a +0 broad axe (weapon)
   (You took it off an orc warrior on level 1 of the Orcish Mines)
 J - a +2 short sword of venom
   (You took it off an orc on level 5 of the Dungeon)
 K - a +3 war axe
   (You took it off Maggie on level 8 of the Dungeon)
 L - a +4 sling of flaming
   (You found it on level 4 of the Dungeon)
Missiles
 o - 58 poisoned darts (quivered)
 y - a curare-tipped dart
 z - a throwing net {!f}
 H - 3 boomerangs
 Q - 104 stones
Armour
 c - a +0 buckler
 h - a +2 helmet (worn)
   (You found it on level 1 of the Dungeon)
 j - the +0 pair of boots "Kuoceb" (worn) {Regen+ rCorr Dex-3 SInv}
   (You acquired it on level 7 of the Dungeon)

   Dex:       It affects your dexterity (-3).
   SInv:      It lets you see invisible.
   Regen:     It increases your rate of health regeneration.
   rCorr:     It protects you from acid and corrosion.
 k - a +2 cloak of willpower
   (You found it on level 8 of the Dungeon)
 l - a scarf of shadows
   (You found it on level 1 of the Dungeon)
 F - the +8 chain mail of Feasting (worn) {rF+ rN+ Will-}
   (You found it on level 5 of the Dungeon)

   rF:        It protects you from fire.
   rN:        It protects you from negative energy.
   Will:      It decreases your willpower.
Jewellery
 n - an amulet of regeneration (around neck)
   (You found it on level 5 of the Dungeon)
 x - a +5 ring of evasion (left claw)
   (You found it on level 4 of the Dungeon)
 D - a ring of ice
   (You took it off a kobold brigand on level 8 of the Dungeon)
Wands
 d - a wand of iceblast (6)
   (You found it on level 10 of the Dungeon)
 f - a wand of flame (27)
   (You took it off an orc priest on level 7 of the Dungeon)
Scrolls
 g - 3 scrolls of fog
 i - a scroll of identify {@r1}
 p - a scroll of vulnerability {!r}
 t - 2 scrolls of teleportation {@r4}
 w - 2 scrolls of poison {!r}
 A - a scroll of fear
 C - 2 scrolls of amnesia
Potions
 e - 2 potions of brilliance
 r - a potion of flight


   Skills:
 + Level 8.0 Fighting
 * Level 9.6 Long Blades
 * Level 8.1 Ranged Weapons
 - Level 2.6 Armour
 - Level 4.2 Shields
 + Level 3.6 Translocations
 + Level 8.1 Invocations


You had 7 spell levels left.
You knew the following spells:

 Your Spells              Type           Power      Damage    Failure   Level
a - Wereblood             Tmut           0%         N/A       100%        2
c - Apportation           Tloc           12%        N/A       85%         1

Your spell library contained the following spells:

 Spells                   Type           Power      Damage    Failure   Level
 Beastly Appendage        Tmut           0%         N/A       100%        1
 Foxfire                  Conj/Fire      0%         2x1d4     100%        1
 Spider Form              Tmut/Pois      0%         N/A       100%        3
 Passage of Golubria      Tloc           6%         N/A       100%        4
 Alistair's Intoxication  Tmut/Pois      0%         N/A       100%        5
 Fireball                 Conj/Fire      0%         3d3       100%        5
 Yara's Violent Unravell  Hex/Tmut       0%         3d3       100%        5
 Starburst                Conj/Fire      0%         6d3       100%        6
 Tukima's Dance           Hex            Unusable   N/A       N/A         3

Dungeon Overview and Level Annotations

Branches:
Dungeon (10/15)            Temple (0/1) D:4             Orc (1/2) D:9
   Lair: D:8-11

Altars:
Ashenzari
Cheibriados
Dithmenos
Kikubaaqudgha
Makhleb
Nemelex Xobeh
Okawaru
Qazlal
Uskayaw
Vehumet
Xom
Yredelemnul

Portals:
Abyss: D:7

Annotations:
D:7 2 transporters, cforsyth's ghost, journeyman OgSu


Innate Abilities, Weirdness & Mutations

You have claws for hands.
You are mostly covered in slimy green scales. (AC +3)
((A weak demonic guardian rushes to your aid.))
You may rarely emit foul miasma when damaged in melee.
You passively map a small area around you.


Message History

The vampire draws strength from your injuries!
You barely miss the vampire.
The vampire hits you but does no damage.
The vampire closely misses you.
The vampire hits you but does no damage.
The vampire bites you but does no damage.
You slash the vampire! The vampire draws life force from you.
* * * LOW HITPOINT WARNING * * *
The vampire is healed by the life force!
The vampire hits you but does no damage.
The vampire bites you but does no damage.
You closely miss the vampire. The vampire casts a spell at you.
You are confused.
You bump into the rock wall.
The vampire gestures at you while chanting.
You are more confused.
You're too confused to move!
The vampire hits you but does no damage.
The vampire bites you!
* * * LOW HITPOINT WARNING * * *
The vampire draws strength from your injuries!
You bump into the rock wall.
The vampire hits you but does no damage.
The vampire bites you but does no damage.
You bump into the rock wall.
The vampire draws life force from you.
* * * LOW HITPOINT WARNING * * *
The vampire is healed by the life force!
You bump into the rock wall.
The vampire draws life force from you.
* * * LOW HITPOINT WARNING * * *
The vampire is healed by the life force!
You closely miss the vampire. The vampire completely misses you.
The vampire barely misses you. The vampire closely misses you.
The vampire bites you but does no damage.
You bump into the rock wall.
The vampire hits you but does no damage.
The vampire bites you!
* * * LOW HITPOINT WARNING * * *
The vampire draws strength from your injuries!
You bump into the rock wall.
The vampire completely misses you.
The vampire bites you but does no damage.
You slash the vampire!
You feel less confused. The vampire draws life force from you!
* * * LOW HITPOINT WARNING * * *
The vampire is healed by the life force!
You hit the vampire. The vampire hits you.
* * * LOW HITPOINT WARNING * * *
The vampire bites you!
You die...

#.#...†...# #.#$†....†###
#....._.....# , ..#.......#.#
* ** * #.# ......#.# #.#
...†,#.# #.####.# ##.#
#..##..###..########
######..##.WV@..........#
#....)..###############.#
#.#.....# #.#
#.#.###.###############.#
#.#.# #..............##.######
#.#.###.##########............
#.#...."......................
#.#.#[.###...##..#.#.##.#####.
#.#.#..# #....†............. *


You could see a vampire and a wraith.

Vanquished Creatures
  A two-headed ogre (D:10)
  Nergalle (D:10)
  An orc sorcerer (Orc:1)
  Maurice (Orc:1)
  Joseph (D:7)
  Maggie (D:8)
  A queen bee (D:9)
  A troll (Orc:1)
  2 wyverns
  Eustachio (D:4)
  A steam dragon (D:8)
  A wraith (D:10)
  9 yaks
  A hornet zombie (D:6)
  2 ice beasts
  Pargi (D:4)
  3 ogres
  3 orc warriors
  3 centaurs
  4 phantoms
  5 kobold brigands
  2 bullfrogs
  A wyvern zombie (D:6)
  3 scorpions (D:5)
  A gnoll sergeant (D:9)
  13 killer bees (D:9)
  A howler monkey (D:9)
  2 centaur zombies (D:6)
  3 bullfrog zombies (D:6)
  5 hounds
  2 jellies
  5 orc priests
  2 gnoll boudas
  Jessica (D:2)
  A bullfrog skeleton (D:6)
  7 iguanas
  7 orc wizards
  2 killer bee zombies (D:6)
  16 gnolls
  7 adders
  A howler monkey skeleton (D:6)
  2 shadow imps (D:5)
  2 white imps
  3 worms
  2 dart slugs (D:3)
  33 orcs
  8 bats
  6 endoplasms
  3 giant cockroaches
  8 goblins
  10 hobgoblins
  5 jackals (D:2)
  26 kobolds
  3 quokkas
  8 ball pythons
  3 frilled lizards
  6 rats
254 creatures vanquished.

Vanquished Creatures (others)
  6 plants (D:9)
6 creatures vanquished.

Grand Total: 260 creatures vanquished

Notes
Turn   | Place    | Note
-------+----------+-------------------------------------------
     0 | D:1      | Pooter the Demonspawn Fighter began the quest for the Orb.
     0 | D:1      | Reached XP level 1. HP: 18/18 MP: 1/1
   110 | D:1      | Reached skill level 2 in Long Blades
   203 | D:1      | Gained mutation: You have sharp fingernails. [demonic
                  | ancestry]
   203 | D:1      | Reached XP level 2. HP: 16/24 MP: 2/2
   729 | D:2      | Gained mutation: You are partially covered in slimy green
                  | scales. (AC +2) [demonic ancestry]
   729 | D:2      | Reached XP level 3. HP: 29/29 MP: 3/3
   882 | D:2      | Noticed Jessica
   894 | D:2      | Killed Jessica
   895 | D:2      | Reached skill level 3 in Long Blades
   895 | D:2      | Reached XP level 4. HP: 20/36 MP: 4/4
  1266 | D:3      | Found a snail-covered altar of Cheibriados.
  1297 | D:3      | Found a stormy altar of Qazlal.
  1426 | D:3      | Found an iron altar of Okawaru.
  1588 | D:3      | Became a worshipper of Warmaster Okawaru
  1617 | D:3      | Gained mutation: You may rarely emit foul miasma when
                  | damaged in melee. [demonic ancestry]
  1617 | D:3      | Reached XP level 5. HP: 37/42 MP: 5/5
  1678 | D:3      | Found a broken altar of Ashenzari.
  1896 | D:3      | Reached skill level 4 in Long Blades
  1903 | D:3      | Noticed an ice beast
  1912 | D:3      | Killed an ice beast
  1913 | D:3      | Gained mutation: You are mostly covered in slimy green
                  | scales. (AC +3) [demonic ancestry]
  1913 | D:3      | Reached XP level 6. HP: 21/49 MP: 6/6
  2352 | D:4      | Noticed Pargi
  2676 | D:4      | Killed Pargi
  2676 | D:4      | Reached * piety under Okawaru
  2749 | D:4      | Reached skill level 5 in Long Blades
  2853 | D:4      | Found a staircase to the Ecumenical Temple.
  2984 | D:4      | Noticed Eustachio
  3001 | D:4      | Gained mutation: A weak demonic guardian rushes to your
                  | aid. [demonic ancestry]
  3001 | D:4      | Reached XP level 7. HP: 49/55 MP: 7/7
  3052 | D:4      | Killed Eustachio
  3053 | D:4      | Reached skill level 1 in Ranged Weapons
  3053 | D:4      | Reached skill level 1 in Invocations
  3210 | D:4      | Found a burning altar of Makhleb.
  3219 | D:4      | Reached skill level 5 in Fighting
  3364 | D:4      | Identified the +4 dagger "Zadepp" {pain, rF+ Will+ Str+2}
  3382 | D:5      | Entered Level 5 of the Dungeon
  3424 | D:5      | Gained mutation: You have large cloven feet. [potion of
                  | mutation]
  3424 | D:5      | Gained mutation: Your system is resistant to poisons.
                  | (rPois) [potion of mutation]
  3424 | D:5      | Gained mutation: You have a pair of small horns on your
                  | head. [potion of mutation]
  3603 | D:5      | Lost mutation: You have a pair of small horns on your head.
                  | [potion of mutation]
  3603 | D:5      | Lost mutation: You have large cloven feet. [potion of
                  | mutation]
  3603 | D:5      | Lost mutation: Your system is resistant to poisons. (rPois)
                  | [potion of mutation]
  3603 | D:5      | Gained mutation: You are strong-willed. (Will+) [potion of
                  | mutation]
  3603 | D:5      | Gained mutation: You have sharp toenails. [potion of
                  | mutation]
  3722 | D:5      | Identified the +8 chain mail of Feasting {rF+ rN+ Will-}
  4014 | D:5      | Noticed a wyvern
  4030 | D:5      | Killed a wyvern
  4031 | D:5      | Reached XP level 8. HP: 27/62 MP: 7/10
  4248 | D:5      | Reached skill level 6 in Long Blades
  4764 | D:5      | Found a sparkling altar of Nemelex Xobeh.
  5218 | D:6      | Reached ** piety under Okawaru
  5269 | D:6      | Gained mutation: You have very sharp fingernails. [demonic
                  | ancestry]
  5269 | D:6      | Reached XP level 9. HP: 51/69 MP: 12/12
  5294 | D:6      | Reached skill level 7 in Long Blades
  5533 | D:7      | Found a shimmering altar of Xom.
  5560 | D:7      | Reached skill level 5 in Invocations
  5595 | D:7      | Found a shadowy altar of Dithmenos.
  5692 | D:7      | Reached skill level 5 in Ranged Weapons
  5857 | D:7      | Identified the +1 chain mail "Xohoamno" {Contam *Corrode
                  | rElec Stlth+}
  5907 | D:7      | Identified a scroll of acquirement
  5907 | D:7      | Acquired the +0 pair of boots "Kuoceb" {Regen+ rCorr Dex-3
                  | SInv}
  5936 | D:7      | Noticed a toenail golem
  5936 | D:7      | Noticed a green ugly thing
  5937 | D:7      | Found a transporter.
  5950 | D:7      | Found a one-way gate to the infinite horrors of the Abyss.
  5977 | D:7      | Noticed cforsyth's ghost (journeyman OgSu)
  5979 | D:7      | Found a transporter.
  6023 | D:7      | Noticed Joseph
  6040 | D:7      | Killed Joseph
  6526 | D:8      | Learned a level 1 spell: Apportation
  6529 | D:8      | Learned a level 2 spell: Wereblood
  6564 | D:8      | Reached skill level 8 in Long Blades
  6700 | D:8      | Reached *** piety under Okawaru
  6701 | D:8      | Reached skill level 1 in Translocations
  6829 | D:8      | Noticed Maggie
  6862 | D:8      | Killed Maggie
  7028 | D:8      | Gained mutation: You have claws for hands. [demonic
                  | ancestry]
  7028 | D:8      | Reached XP level 10. HP: 77/77 MP: 14/14
  7493 | D:9      | Found a staircase to the Orcish Mines.
  7499 | Orc:1    | Entered Level 1 of the Orcish Mines
  7816 | Orc:1    | Noticed an orc sorcerer
  7820 | Orc:1    | Paralysed by an orc sorcerer for 5 turns
  7835 | Orc:1    | Noticed a smoke demon
  7837 | Orc:1    | Paralysed by an orc sorcerer for 4 turns
  7844 | Orc:1    | Killed an orc sorcerer
  8018 | Orc:1    | Noticed Maurice
  8074 | Orc:1    | Paralysed by Maurice for 4 turns
  8097 | Orc:1    | Killed Maurice
  8338 | D:9      | HP: 3/79 [queen bee (6)]
  8347 | D:9      | Reached skill level 9 in Long Blades
  8462 | D:9      | Found a radiant altar of Vehumet.
  8761 | D:9      | Lost mutation: You have sharp toenails. [potion of
                  | mutation]
  8761 | D:9      | Lost mutation: You are strong-willed. (Will+) [potion of
                  | mutation]
  8761 | D:9      | Gained mutation: You passively map a small area around you.
                  | [potion of mutation]
  8941 | D:9      | Found an ancient bone altar of Kikubaaqudgha.
  9192 | D:9      | Found a basalt altar of Yredelemnul.
  9250 | D:10     | Entered Level 10 of the Dungeon
  9291 | D:10     | Identified the +5 dagger of the Omega Point {holy, rPois
                  | rC++ Will- Stlth+}
  9367 | D:10     | Noticed Nergalle
  9390 | D:10     | Killed Nergalle
  9390 | D:10     | Reached **** piety under Okawaru
  9391 | D:10     | Reached XP level 11. HP: 86/86 MP: 16/16
  9483 | D:10     | Noticed a two-headed ogre
  9499 | D:10     | Killed a two-headed ogre
  9605 | D:10     | Found a hide-covered altar of Uskayaw.
  9687 | D:10     | HP: 3/86 [vampire (9)]
  9689 | D:10     | HP: 1/86 [vampire/vampiric draining (7)]
  9690 | D:10     | Slain by a vampire

Illustrated notes

Levels and vault maps discovered:
D:1:      saegor_arrival_simple_b, layout_basic, reono_crystal_passage
D:2:      layout_rooms, kennysheep_generic_room_8, uniq_jessica
D:3:      layout_rooms, mainiacjoe_overflow_chevrons,
          mainiacjoe_overflow_alcove_2,
          mainiacjoe_overflow_concentric_impassable, lemuel_crystal_altar,
          okawaru_trees_2, serial_bayou, serial_bayou_crossing,
          serial_bayou_pond_e
D:4:      layout_rooms, makhleb_blood_cavern_becter, minmay_temple_entry_arrows,
          item_on_display_a, uniq_eustachio, uniq_pargi
D:5:      layout_loops_corners, mainiacjoe_overflow_alcove_1,
          kennysheep_generic_room_5
D:6:      layout_cave_pools, serial_undead, serial_undead_e, serial_undead_a,
          serial_undead_e, serial_undead_d, serial_undead_f, serial_undead_a,
          serial_undead_c, serial_undead_c, serial_undead_e, serial_undead_f
D:7:      layout_basic, elyvilon_altar_3, kennysheep_mini, lemuel_crystal_altar,
          gammafunk_ghost_abyssal_escape, uniq_joseph
D:8:      layout_basic, uniq_maggie
D:9:      layout_cave_pods, general_overflow_altar, lemuel_doored_altar,
          mainiacjoe_overflow_boulevard, orc_0_dummy,
          nicolae_looking_at_the_future
D:10:     layout_loops_ring, nicolae_uskayaw_murder_on_the_dancefloor,
          uniq_nergalle
Orc:1:    layout_caves, serial_shops, nicolae_shop_crystal, mines1_david,
          uniq_maurice, uniq_erica

Skill      XL: |  1  2  3  4  5  6  7  8  9 10 11 |
---------------+----------------------------------+-----
Long Blades    | 2 3 4 5 6 8 9 |  9.6
Shields        | 3 4 |  4.2
Fighting       | 4 5 6 7 8 |  8.0
Ranged Weapons | 2 4 6 7 8 |  8.1
Invocations    | 2 4 6 7 8 |  8.1
Translocations | 1 3 |  3.6
Armour         | |  2.6

Action                     |  1- 3 |  4- 6 |  7- 9 | 10-12 || total
---------------------------+-------+-------+-------+-------++-------
  Melee: Long sword        |   101 |   213 |   364 |   239 ||   917
         Trident           |       |     3 |    30 |       ||    33
         Kick              |       |       |    75 |       ||    75
         Broad axe         |       |       |       |   152 ||   152
         Short sword       |       |       |       |    27 ||    27
         Punch             |       |       |       |    11 ||    11
   Fire: Sling             |       |     5 |   115 |    27 ||   147
         Arbalest          |       |       |       |    18 ||    18
  Throw: Stone             |     5 |       |       |       ||     5
         Dart              |     3 |       |       |     3 ||     6
 Invoke: Heroism           |       |       |     9 |    10 ||    19
  Evoke: Wand              |       |     1 |     1 |     4 ||     6
    Use: Scroll            |     1 |     3 |    18 |     1 ||    23
         Potion            |       |       |     7 |     5 ||    12
 Armour: Scale mail        |    69 |    62 |       |       ||   131
         Chain mail        |       |    83 |   289 |   402 ||   774
         Skin              |       |       |    38 |       ||    38
  Dodge: Dodged            |    46 |   106 |   285 |   402 ||   839
  Block: Buckler           |    20 |    59 |   146 |    29 ||   254

Table legend: (Time is in decaauts)
 A = Elapsed time spent in this place.
 B = Non-inter-level travel time spent in this place.
 C = Inter-level travel time spent in this place.
 D = Time resting spent in this place.
 E = Time spent auto-exploring this place.
 F = Levels seen in this place.
 G = Mean time per level.
                   A        B        C        D        E       F      G
               +--------+--------+--------+--------+--------+-----+--------+
         Total |   9917 |   9636 |    281 |   1986 |   4930 |  11 |  901.5 |
       Dungeon |   9284 |   9030 |    254 |   1696 |   4854 |  10 |  928.4 |
  Orcish Mines |    633 |    606 |     27 |    290 |     76 |   1 |  633.0 |
               +--------+--------+--------+--------+--------+-----+--------+

Top non-repeatable levels by time:
     D:5: 1591 daAuts
     D:3: 1400 daAuts
     D:9: 1236 daAuts
     D:7: 973 daAuts
     D:8: 929 daAuts
     D:4: 793 daAuts
     D:1: 734 daAuts
   Orc:1: 633 daAuts
     D:2: 567 daAuts
     D:6: 563 daAuts
    D:10: 495 daAuts
